 Dungeon Crawl Stone Soup version 0.19.1-1-g22dce08 (webtiles) character file.

53 Megalobster the Firebug (level 3, -2/26 HPs)
             Began as a Draconian Fire Elementalist on Jan 12, 2017.
             Slain by an adder (4 damage)
             ... on level 2 of the Dungeon.
             The game lasted 00:07:03 (1571 turns).

Megalobster the Firebug (DrFE)                      Turns: 1571, Time: 00:07:04

Health: -2/26      AC:  5    Str: 10    XL:     3   Next: 64%
Magic:  1/6        EV: 12    Int: 16    God:
Gold:   68         SH:  0    Dex: 15    Spells: 1 memorised, 5 levels left

rFire  . . .     SeeInvis .     c - +0 dagger
rCold  . . .     Gourm    .     (armour unavailable)
rNeg   . . .     Faith    .     (no shield)
rPois  .         Spirit   .     (helmet restricted)
rElec  .         Reflect  .     (no cloak)
rCorr  .         Harm     .     (no gloves)
MR     .....                    (no boots)
Stlth  ++........               (no amulet)
                                (no ring)
                                g - +4 ring of dexterity

@: lethally poisoned (-2 -> -7)
A: unfitting armour, cold-blooded, AC +5
a: no special abilities


You were on level 2 of the Dungeon.
You were not hungry.

You visited 1 branch of the dungeon, and saw 2 of its levels.

You collected 68 gold pieces.

Inventory:

Hand Weapons
 b - a +1 hand axe of electrocution
 c - a +0 dagger (weapon)
 f - a +0 hunting sling
 j - a +0 short sword
 k - a +2 antimagic hand axe
Armour
 h - a cursed +0 helmet
Jewellery
 g - a +4 ring of dexterity (left hand)
Scrolls
 e - a scroll of fog {unknown}
 l - a scroll of identify {unknown}
 m - a scroll of magic mapping {unknown}
Potions
 d - a potion of might {unknown}
 n - 2 potions of berserk rage {unknown}
 p - a potion of flight {unknown}
Books
 a - a book of Flames

   Spells                             Type                      Level
   a - Flame Tongue                   Conjuration/Fire             1
   b - Throw Flame                    Conjuration/Fire             2
   c - Conjure Flame                  Conjuration/Fire             3
   d - Inner Flame                    Hexes/Fire                   3
   e - Sticky Flame                   Conjuration/Fire             4
   f - Fireball                       Conjuration/Fire             5
Comestibles
 i - a meat ration
 o - 2 slices of pizza


   Skills:
 + Level 0.2 Fighting
 - Level 1.7 Dodging
 - Level 1.7 Stealth
 + Level 2.2 Spellcasting
 * Level 2.0 Conjurations
 * Level 4.0 Fire Magic


You had 5 spell levels left.
You knew the following spells:

 Your Spells              Type           Power        Failure   Level  Hunger
a - Flame Tongue          Conj/Fire      ##...        8%          1    #......


Dungeon Overview and Level Annotations

Branches:
Dungeon (2/15)

Altars:
Ashenzari


Innate Abilities, Weirdness & Mutations

Your plain brown scales are hard. (AC +5)
You cannot fit into any form of body armour.
You are cold-blooded and may be slowed by cold attacks.


Message History

You feel sick. The adder bites you but does no damage.
You hit the adder but do no damage.
The adder is heavily wounded.
The adder barely misses you.
You barely miss the adder.
The adder is heavily wounded.
You feel sick. The adder bites you. The adder completely misses you.
You miss the adder.
The adder is heavily wounded.
* * * LOW HITPOINT WARNING * * *
You feel sick. The adder bites you.
* * * LOW HITPOINT WARNING * * *
You barely miss the adder.
Your tail-slap misses the adder.
The adder is heavily wounded.
The adder bites you but does no damage.
You barely miss the adder.
The adder is heavily wounded.
* * * LOW HITPOINT WARNING * * *
You feel sick. The adder bites you.
You die...

.............
#$..........#
#...........#
#...........#
#...........#
#.....).....#
#.....S.....#
#.....@.....#
#...........##. .
..................
..........#####.##
####.###..........
#. #.......... #
#..........
###.####.# #.## .#


You could see an adder.

Vanquished Creatures
  2 adders (D:2)
  A leopard gecko (D:1)
  9 bats
  3 giant cockroaches
  5 goblins
  2 hobgoblins
  6 kobolds
  A frilled lizard (D:1)
  5 rats
34 creatures vanquished.

Notes
Turn   | Place    | Note
-------+----------+-------------------------------------------
     0 | D:1      | Megalobster the Draconian Fire Elementalist began the quest for the Orb.
     0 | D:1      | Reached XP level 1. HP: 14/14 MP: 3/3
   281 | D:1      | Reached XP level 2. HP: 20/20 MP: 3/5
   963 | D:2      | Reached XP level 3. HP: 24/26 MP: 3/6
  1047 | D:2      | Found a shattered altar of Ashenzari.
  1072 | D:2      | Reached skill level 4 in Fire Magic
  1571 | D:2      | Slain by an adder

Skill      XL: |  1  2  3 |
---------------+----------+-----
Conjurations   | 2 |  2.0
Fire Magic     | 4 |  4.0
Fighting       | |  0.2
Dodging        | |  1.7
Stealth        | |  1.7
Spellcasting   | |  2.2

Action                   || total
-------------------------++-------
Melee: Dagger            ||    62
       Tailslap          ||     2
 Cast: Flame Tongue      ||    49
 Stab: Sleeping          ||     2
  Eat: Chunk             ||     2
       Bread ration      ||     1
Armor: Skin              ||    16
Dodge: Dodged            ||    52
